 Dungeon Crawl Stone Soup version 0.26-a0-996-g6b303dbc09 (webtiles) character file.

Game seed: 13823695903492214139

130 KristoblXynda the Ducker (level 4, -4/23 HPs)
             Began as a Spriggan Gladiator on Dec 6, 2020.
             Was an Initiate of Ashenzari.
             Splashed by Ijyb's acid (12 damage)
             ... on level 3 of the Dungeon.
             The game lasted 00:03:36 (2817 turns).

KristoblXynda the Ducker (Spriggan Gladiator)       Turns: 2817, Time: 00:03:37

Health: -4/23      AC: -5    Str: 10    XL:     4   Next: 89%
Magic:  5/5        EV: 21    Int:  9    God:    Ashenzari [......]
Gold:   223        SH:  0    Dex: 18    Spells: 3/3 levels left

rFire    . . .     SeeInvis +   r - +0 dagger (venom)
rCold    . . .     Faith    .   (shield restricted)
rNeg     . . .     Spirit   .   b - +0 robe
rPois    .         Reflect  .   c - +0 hat
rElec    .         Harm     .   l - +0 cloak
rCorr    .         Rampage  .   (gloves unavailable)
MR       .....                  (boots unavailable)
Stlth    +++.......             (no amulet)
HPRegen  0.07/turn              (no ring)
MPRegen  0.09/turn              (no ring)

@: corroded, very quick
A: very small, unfitting armour, see invisible, speed 3
a: Curse Item, Renounce Religion


You were on level 3 of the Dungeon.
You worshipped Ashenzari.
Ashenzari was noncommittal.
You visited 1 branch of the dungeon, and saw 3 of its levels.

You collected 223 gold pieces.

Inventory:

Hand Weapons
 a - a +0 rapier
 r - a +0 dagger of venom (weapon)
Missiles
 d - 3 throwing nets (quivered)
Armour
 b - a +0 robe (worn)
 c - a +0 hat (worn)
 l - a +0 cloak (worn)
Jewellery
 i - an uncursed amulet of faith
 n - an uncursed ring of flight
Scrolls
 e - a scroll of magic mapping {unknown}
 g - a scroll of fog {unknown}
 h - a scroll of teleportation {unknown}
 j - a scroll of blinking {unknown}
 k - 2 scrolls of remove curse
 o - a scroll of amnesia {unknown}
 q - a scroll of enchant weapon {unknown}
 t - a scroll of enchant armour {unknown}
Potions
 f - a potion of heal wounds
 m - 2 potions of curing
 p - 2 potions of haste {unknown}
 s - a potion of magic {unknown}
 u - a potion of berserk rage {unknown}


   Skills:
 + Level 2.4 Fighting
 + Level 4.2 Short Blades
 - Level 2.0 Throwing
 + Level 5.5 Dodging
 + Level 3.5 Stealth


You had 3 spell levels left.
You didn't know any spells.
Your spell library was empty.

Dungeon Overview and Level Annotations

Branches:
Dungeon (3/15)

Altars:
Ashenzari
Ru
Uskayaw
Wu Jian

Annotations:
D:3 Grinder, Ijyb


Innate Abilities, Weirdness & Mutations

You are very small and have problems with some larger weapons.
You are too small for most types of armour.
You have supernaturally acute eyesight. (SInv)
You cover ground extremely quickly.


Message History

The orc completely misses you.
You barely miss the orc.
Grinder blinks!
You hit the orc but do no damage. The orc hits you with a +0 flail.
Grinder gestures at you. You resist with some effort.
You hit the orc.
The orc is poisoned.
The orc is heavily wounded.
Ijyb zaps a wand.
The bolt of acid hits the orc!
The orc is splashed with acid!
The acid corrodes the orc!
The orc dies!
The bolt of acid hits you. The acid corrodes you!
You are splashed with acid!
* * * LOW HITPOINT WARNING * * *
You feel much better. Grinder misses you. Grinder completely misses you.
Grinder blinks!
Ijyb zaps a wand.
The bolt of acid hits you!
Ouch! That really hurt!
The acid corrodes you!
You are splashed with acid!
Ouch! That really hurt!
You die...

#......†g.......
#####)####.!...#
###g# ...###
#..g## ..#
#.######....#
..#
......5'....# ##
..######....#
#.........#
#.......@.#
#.........#
#.........#
#........##
#####....#
#....# #....#
#....####
#######
#.......## .....


You could see Grinder, Ijyb and a hobgoblin.

Vanquished Creatures
  An orc priest (D:3)
  2 adders (D:2)
  An ooze (D:1)
  A worm (D:2)
  3 dart slugs
  2 leopard geckos
  8 orcs (D:3)
  7 giant cockroaches
  7 goblins
  8 hobgoblins
  4 bats
  5 frilled lizards
  3 kobolds
  3 rats (D:1)
55 creatures vanquished.

Vanquished Creatures (others)
  An orc (D:3)
1 creature vanquished.

Grand Total: 56 creatures vanquished

Notes
Turn   | Place    | Note
-------+----------+-------------------------------------------
     0 | D:1      | KristoblXynda the Spriggan Gladiator began the quest for
                  | the Orb.
     0 | D:1      | Reached XP level 1. HP: 10/10 MP: 2/2
   276 | D:1      | Reached skill level 1 in Stealth
   403 | D:1      | Reached XP level 2. HP: 15/15 MP: 3/3
   661 | D:1      | Reached XP level 3. HP: 18/18 MP: 4/4
   959 | D:2      | Reached skill level 5 in Dodging
  1114 | D:2      | Found a faded altar of an unknown god.
  1538 | D:2      | Found a hide-covered altar of Uskayaw.
  1553 | D:2      | Found a broken altar of Ashenzari.
  1589 | D:2      | Became a worshipper of Ashenzari the Shackled
  1658 | D:2      | Reached XP level 4. HP: 11/23 MP: 5/5
  2364 | D:3      | Found an ornate altar of the Wu Jian Council.
  2734 | D:3      | Found a sacrificial altar of Ru.
  2783 | D:3      | Noticed Grinder
  2791 | D:3      | Noticed Ijyb
  2817 | D:3      | Splashed by Ijyb's acid

Illustrated notes

Levels and vault maps discovered:
D:1:      dpeg_arrival_rooms_with_view, layout_basic
D:2:      layout_basic, eat_drink_and_be_merry_uskayaw,
          ashenzari_conservatory_becter, chequers_ecumenical_altar_twisty
D:3:      layout_basic, lemuel_round_altar, general_overflow_altar,
          uniq_grinder, uniq_ijyb, uniq_crazy_yiuf_cottage

Skill      XL: |  1  2  3  4 |
---------------+-------------+-----
Stealth        | 1 2 3 |  3.5
Fighting       | 2 |  2.4
Dodging        | 5 |  5.5
Short Blades   | 4 |  4.2
Throwing       | |  2.0

Action                   |  1- 3 |  4- 6 || total
-------------------------+-------+-------++-------
Melee: Rapier            |    97 |       ||    97
       Dagger            |    25 |    64 ||    89
  Use: Scroll            |       |     2 ||     2
       Potion            |       |     1 ||     1
 Stab: Sleeping          |     7 |       ||     7
Armor: Robe              |     5 |     1 ||     6
Dodge: Dodged            |    98 |    38 ||   136

Table legend: (Time is in decaauts)
 A = Elapsed time spent in this place.
 B = Non-inter-level travel time spent in this place.
 C = Inter-level travel time spent in this place.
 D = Time resting spent in this place.
 E = Time spent auto-exploring this place.
 F = Levels seen in this place.
 G = Mean time per level.
                   A        B        C        D        E       F      G
               +--------+--------+--------+--------+--------+-----+--------+
         Total |   2276 |   2250 |     26 |    978 |    823 |   3 |  758.7 |
       Dungeon |   2276 |   2250 |     26 |    978 |    823 |   3 |  758.7 |
               +--------+--------+--------+--------+--------+-----+--------+

Top non-repeatable levels by time:
     D:2: 958 daAuts
     D:1: 696 daAuts
     D:3: 621 daAuts
